 Dungeon Crawl Stone Soup version 0.31-a0-640-g39d97e502b (webtiles) character file.

Game seed: 14198231726297336143

255 qw the Shooter (level 6, -3/38 HPs)
             Began as a Gargoyle Hunter on Aug 27, 2023.
             Slain by an ogre
             ... wielding a +0 giant spiked club
              (15 damage)
             ... on level 4 of the Dungeon.
             The game lasted 00:00:49 (2692 turns).

qw the Shooter (Gargoyle Hunter)                    Turns: 2692, Time: 00:00:50

Health: -3/38      AC: 10    Str: 14    XL:     6   Next: 15%
Magic:  6/6        EV: 11    Int: 10    God:
Gold:   152        SH:  0    Dex: 15    Spells: 5/5 levels left

rFire   . . .        Y - +2 shortbow
rCold   . . .        (shield currently unavailable)
rNeg    + . .        d - +0 ring mail
rPois   inf          (no helmet)
rElec   +            g - +0 cloak {rPois}
rCorr   .            (no gloves)
SInv    +            (no boots)
Will    .....        (no amulet)
Stlth   +            j - ring of see invisible
HPRegen 0.26/turn    (no ring)
MPRegen 0.10/turn

%: no passive effects
@: no status effects
A: sickness immunity, AC +4, negative energy resistance 1, electricity
resistance, torment resistance 1, petrification resistance
a: no special abilities


You were on level 4 of the Dungeon.
You visited 1 branch of the dungeon, and saw 4 of its levels.

You collected 152 gold pieces.


Innate Abilities, Weirdness & Mutations

You are immune to sickness and miasma.
Your stone body is resilient. (AC +4)
You are immune to poison.
You resist negative energy. (rN+)
You are resistant to electric shocks. (rElec)
You are resistant to unholy torment.
You are immune to petrification.


   Skills:
 - Level 4.2 Fighting
 + Level 6.0 Ranged Weapons
 - Level 1.6 Armour
 - Level 1.5 Dodging
 - Level 1.1 Stealth


You had 5 spell levels left.
You didn't know any spells.
Your spell library was empty.

Inventory:

Hand Weapons
 Y - a +2 shortbow (weapon)
Armour
 c - a +0 helmet
 d - a +0 ring mail (worn)
 g - a +0 cloak of poison resistance (worn)
Jewellery
 j - a ring of see invisible (left hand)
Scrolls
 a - a scroll of identify
Potions
 b - a potion of brilliance {unknown}
 e - a potion of enlightenment
 f - a potion of haste
 l - a potion of curing

Dungeon Overview and Level Annotations

Branches:
Dungeon (4/15)
 Temple: D:4-7

Altars:
Hepliaklqana
Qazlal

Annotations:
D:1 2 runed translucent doors


Message History

You shoot an arrow. The arrow hits the hound.
The hound is severely wounded.
The hound bites you but does no damage. The hound barely misses you.
You shoot an arrow.
The arrow hits the hound but does no damage.
The hound is severely wounded.
The hound bites you. The hound misses you.
You shoot an arrow. The arrow hits the hound.
You kill the hound!
Your Ranged Weapons skill increases to level 6!
You start resting.
HP restored.
You now have 152 gold pieces (gained 7).
c - a +0 helmet A kobold comes into view.
It is wielding a +0 whip.
You shoot an arrow. The arrow barely misses the kobold.
The kobold hits you with a +0 whip.
You shoot an arrow. The arrow hits the kobold!
You kill the kobold!
You start resting.
HP restored.
An ogre comes into view. It is wielding a +0 giant spiked club.
The ogre shouts!
You hear a shout!
You hear a bark!
An orc comes into view. It is wielding a +0 whip.
You shoot an arrow. The arrow hits the ogre.
The ogre is lightly wounded.
You shoot an arrow. The arrow barely misses the ogre.
The ogre barely misses you.
You shoot an arrow. The arrow barely misses the ogre.
The ogre closely misses you.
You shoot an arrow. The arrow hits the ogre.
The ogre is moderately wounded.
The ogre hits you with a +0 giant spiked club!!
Ouch! That really hurt!
You shoot an arrow. The arrow hits the ogre!
The ogre is heavily wounded.
You shoot an arrow. The arrow barely misses the ogre.
A jackal comes into view.
The ogre hits you with a +0 giant spiked club!
You die...

#..### #..... #.#
#.###. ### ###.#
#.###. #.. ...#
#.##.. # #.#
#..####.#.##
#h##.##
#.........#
#.oO$.#
#<####.#.##
#@.#####.####.##..
#.............###.
#.######.###### ##
#.######.#
#.#......#
##.#.######
#....)...#
#.##.###.# #. #.#


You could see an ogre, an orc and a jackal.

Vanquished Creatures
  A phantom (D:2)
  A howler monkey (D:4)
  2 hounds (D:4)
  Terence (D:3)
  A shadow imp (D:3)
  2 dart slugs
  4 bats
  9 endoplasms
  2 goblins (D:2)
  4 hobgoblins
  A jackal (D:1)
  4 quokkas
  A ball python (D:2)
  4 frilled lizards
  6 kobolds
  2 rats
45 creatures vanquished.

Notes
Turn   | Place    | Note
-------+----------+-------------------------------------------
     0 | D:1      | qw the Gargoyle Hunter began the quest for the Orb.
     0 | D:1      | Reached XP level 1. HP: 12/12 MP: 1/1
     0 | D:1      | 0 ||| qw: Version: 0.3-a-74-g0d5e918
     0 | D:1      | 0 ||| qw: Game counter: 80
     0 | D:1      | 0 ||| qw: Melee chars always use a shield: true
     0 | D:1      | 0 ||| qw: God list: Okawaru
     0 | D:1      | 0 ||| qw: Allow faded altars: false
     0 | D:1      | 0 ||| qw: Do Orc after clearing Dungeon:15 true
     0 | D:1      | 0 ||| qw: Do second Lair branch before Depths: true
     0 | D:1      | 0 ||| qw: Lair rune preference: random
     0 | D:1      | 0 ||| qw: Goals: Normal
     0 | D:1      | 0 ||| PLANNING D:1-11
    36 | D:1      | Found a large runed translucent door.
    36 | D:1      | Found a large runed translucent door.
   237 | D:1      | Reached XP level 2. HP: 17/17 MP: 2/2
   442 | D:1      | Found a faded altar of an unknown god.
   976 | D:1      | 976 ||| UPGRADING to +0 cloak of poison resistance.
   981 | D:1      | 981 ||| READING 2 scrolls labelled PUUGGO QEILAUT.
   982 | D:1      | 982 ||| DROPPING scroll of butterflies.
  1076 | D:2      | Reached XP level 3. HP: 21/21 MP: 3/3
  1150 | D:2      | Reached skill level 5 in Ranged Weapons
  1177 | D:2      | Found a hazy altar of Hepliaklqana.
  1221 | D:2      | Noticed a phantom
  1234 | D:2      | HP: 5/22 [phantom (6)]
  1236 | D:2      | HP: 1/22 [phantom (4)]
  1242 | D:2      | Killed a phantom
  1243 | D:2      | Reached XP level 4. HP: 4/29 MP: 4/4
  1729 | D:2      | 1729 ||| UPGRADING to ring of see invisible.
  1730 | D:2      | 1730 ||| READING 2 scrolls labelled SASIEH VAENIR.
  1731 | D:2      | 1731 ||| READING scroll of enchant weapon.
  1731 | D:2      | 1731 ||| ENCHANTING +1 shortbow.
  1732 | D:2      | 1732 ||| READING scroll labelled VOEHYMMUTIKH.
  1733 | D:2      | 1733 ||| READING scroll labelled CUSUDEOZEN.
  1734 | D:2      | 1734 ||| READING scroll labelled QENO HUTZITA.
  1735 | D:2      | 1735 ||| READING scroll labelled UQOUHO DANT.
  1736 | D:2      | 1736 ||| READING 3 scrolls of identify.
  1736 | D:2      | 1736 ||| IDENTIFYING bubbling golden potion
  1737 | D:2      | 1737 ||| READING 2 scrolls of identify.
  1737 | D:2      | 1737 ||| IDENTIFYING pink potion
  1752 | D:3      | Noticed Terence
  1767 | D:3      | Killed Terence
  1768 | D:3      | Reached XP level 5. HP: 15/33 MP: 5/5
  1855 | D:3      | Found a stormy altar of Qazlal.
  2188 | D:3      | 2188 ||| FLEEEEING.
  2189 | D:3      | 2189 ||| FLEEEEING.
  2190 | D:3      | 2190 ||| FLEEEEING.
  2191 | D:3      | 2191 ||| FLEEEEING.
  2192 | D:3      | 2192 ||| FLEEEEING.
  2193 | D:3      | 2193 ||| FLEEEEING.
  2194 | D:3      | 2194 ||| FLEEEEING.
  2195 | D:3      | 2195 ||| FLEEEEING.
  2196 | D:3      | 2196 ||| FLEEEEING.
  2197 | D:3      | 2197 ||| STAIRDANCE
  2221 | D:2      | 2221 ||| UPGRADING to +0 ring mail.
  2231 | D:2      | 2231 ||| DROPPING +0 leather armour.
  2232 | D:2      | 2232 ||| READING scroll labelled KIKHAT AVYHOZI.
  2233 | D:2      | 2233 ||| READING scroll labelled AVEODW CICO.
  2236 | D:2      | 2236 ||| READING 3 scrolls of identify.
  2236 | D:2      | 2236 ||| IDENTIFYING glowing green potion
  2237 | D:2      | 2237 ||| READING 2 scrolls of identify.
  2237 | D:2      | 2237 ||| IDENTIFYING brown potion
  2238 | D:2      | 2238 ||| DROPPING potion of magic.
  2554 | D:4      | Reached skill level 1 in Armour
  2607 | D:4      | Reached XP level 6. HP: 38/38 MP: 6/6
  2659 | D:4      | Reached skill level 6 in Ranged Weapons
  2692 | D:4      | Slain by an ogre

Levels and vault maps discovered:
D:1:      erik_arrival_cave_to_civilisation [erik_arrival_cave_to_temple],
          layout_basic, shapermc_ecumenical_altar_ellora
D:2:      layout_loops_ring, basic_altar
D:3:      layout_basic, mainiacjoe_overflow_cross_hatched, uniq_terence
D:4:      layout_loops_ring, kennysheep_mini_moat,
          minmay_temple_entry_nine_rooms

Skill      XL: |  1  2  3  4  5  6 |
---------------+-------------------+-----
Ranged Weapons | 5 6 |  6.0
Fighting       | 4 |  4.2
Armour         | 1 |  1.6
Dodging        | |  1.5
Stealth        | |  1.1

Action                     |  1- 3 |  4- 6 || total
---------------------------+-------+-------++-------
   Fire: Shortbow          |    90 |    77 ||   167
    Use: Scroll            |     1 |    12 ||    13
 Armour: Leather armour    |    13 |     7 ||    20
         Ring mail         |       |     5 ||     5
  Dodge: Dodged            |    16 |    22 ||    38

Table legend:
 A = Non-vault XP
 B = Vault XP
 C = Vault XP percentage of total XP
 D = Non-vault monster count
 E = Vault monster count
 F = Vault count percentage of total count
                 A         B        C        D         E       F
            +---------+---------+-------+---------+---------+-------
      Total |     326 |      39 |  10.7 |      42 |       3 |   6.7
            +---------+---------+-------+---------+---------+-------
        D:1 |      23 |       3 |  11.5 |      13 |       2 |  13.3
        D:2 |     135 |       0 |   0.0 |      16 |       0 |   0.0
        D:3 |      20 |      36 |  64.3 |       7 |       1 |  12.5
        D:4 |     148 |       0 |   0.0 |       6 |       0 |   0.0
            +---------+---------+-------+---------+---------+-------
